 Dungeon Crawl Stone Soup version 0.20-a0-1116-gaa52201 (webtiles) character file.

287 Duffy the Cleaver (level 6, -7/50 HPs)
             Began as a Gnoll Monk on May 9, 2017.
             Was a Believer of Makhleb.
             Killed by nerve-wracking pain
             ... invoked by a shadow imp
              (8 damage)
             ... on level 3 of the Dungeon.
             The game lasted 00:02:29 (2990 turns).

Duffy the Cleaver (Gnoll Monk)                      Turns: 2990, Time: 00:02:30

Health: -7/50      AC: 10    Str: 12    XL:     6   Next: 30%
Magic:  9/10       EV: 13    Int: 11    God:    Makhleb [**....]
Gold:   56         SH:  0    Dex: 16    Spells: 5/5 levels left

rFire    . . .     SeeInvis .   a - +0 hand axe
rCold    . . .     Gourm    .   (no shield)
rNeg     . . .     Faith    .   r - +0 ring mail (curse)
rPois    .         Spirit   .   o - +0 helmet
rElec    .         Reflect  .   y - +0 cloak {+Inv}
rCorr    .         Harm     .   (no gloves)
MR       .....                  (no boots)
Stlth    ++........             (no amulet)
Regen    0.2/turn               e - +3 ring of protection
MPRegen  0.2/turn               (no ring)

@: no status effects
A: short attention span, fangs 1, strong nose
a: Minor Destruction, Renounce Religion, Evoke Invisibility


You were on level 3 of the Dungeon.
You worshipped Makhleb.
Makhleb was pleased with you.
You were not hungry.

You visited 1 branch of the dungeon, and saw 3 of its levels.

You collected 56 gold pieces.

Inventory:

Hand Weapons
 a - a +0 hand axe (weapon)
Missiles
 d - 7 tomahawks (quivered)
Armour
 o - a +0 helmet (worn)
 r - a cursed +0 ring mail (worn)
 y - a +0 cloak of invisibility (worn)
Jewellery
 e - a +3 ring of protection (left hand)
Wands
 f - a wand of flame (22/48)
Scrolls
 b - a scroll of identify {unknown}
 i - 2 scrolls of fear {unknown}
 j - a scroll of noise {unknown}
 k - a scroll of immolation {unknown}
 m - 2 scrolls of remove curse {unknown}
 t - a scroll of fog {unknown}
 v - a scroll of enchant weapon {unknown}
 x - a scroll of enchant armour {unknown}
Potions
 h - a potion of brilliance {unknown}
 l - a potion of heal wounds {unknown}
 n - a potion of mutation {unknown}
 p - a potion of curing
 q - a potion of resistance {unknown}
 s - a potion of might {unknown}
 u - a potion of flight {unknown}
 w - a potion of berserk rage {unknown}
Comestibles
 c - a bread ration
 g - 2 fruits


   Skills:
 - Level 4.8 Fighting
 + Level 8.0 Axes
 - Level 4.8 Dodging
 - Level 3.0 Stealth
 + Level 5.5 Invocations


You had 5 spell levels left.
You didn't know any spells.

Dungeon Overview and Level Annotations

Branches:
Dungeon (3/15)

Altars:
Makhleb
The Shining One


Innate Abilities, Weirdness & Mutations

You have a short attention span.
You have very sharp teeth.
Your uncanny sense of smell can sniff out nearby items.


Message History

Your Axes skill increases to level 8!
You become less interested in Axes.
The orc wizard hits you but does no damage.
You hit the orc wizard but do no damage.
The orc wizard hits you but does no damage.
You barely miss the orc wizard.
The orc wizard gestures wildly while chanting.
The orc wizard blinks!
You hit the shadow imp.
The shadow imp is lightly wounded.
The shadow imp barely misses you.
You hit the shadow imp.
The shadow imp is heavily wounded.
The shadow imp gestures at you. Pain shoots through your body!
You closely miss the shadow imp.
The shadow imp is heavily wounded.
The shadow imp gestures at you. Pain shoots through your body!
You die...

#.# { #.#
#.#
######.####
>.........(#
........##.#
..########)#
#)# #@# #5#


.wo { #.... ...### .8... ....!{{ #.8... You could see a worm, an orc wizard and
a shadow imp.

Vanquished Creatures
  An orc priest (D:3)
  Crazy Yiuf (D:2)
  Natasha (thrice) (D:2)
  Robin (D:2)
  4 gnolls (D:3)
  An adder (D:2)
  An ooze (D:3)
  A worm (D:2)
  3 dart slugs
  2 orcs (D:3)
  13 giant cockroaches
  18 goblins
  11 hobgoblins
  2 quokkas
  4 bats
  2 frilled lizards
  6 kobolds
  4 rats
78 creatures vanquished.

Notes
Turn   | Place    | Note
-------+----------+-------------------------------------------
     0 | D:1      | Duffy the Gnoll Monk began the quest for the Orb.
     0 | D:1      | Reached XP level 1. HP: 20/20 MP: 1/1
    71 | D:1      | Reached skill level 5 in Axes
   141 | D:1      | Reached XP level 2. HP: 26/26 MP: 2/2
   182 | D:1      | Reached skill level 6 in Axes
   408 | D:1      | Found a glowing golden altar of the Shining One.
   542 | D:1      | Reached XP level 3. HP: 32/32 MP: 3/3
   686 | D:2      | Noticed Robin
   929 | D:2      | Killed Robin
   929 | D:2      | Reached skill level 7 in Axes
  1172 | D:2      | Found a burning altar of Makhleb.
  1181 | D:2      | Became a worshipper of Makhleb the Destroyer
  1181 | D:2      | Reached * piety under Makhleb
  1181 | D:2      | Reached ** piety under Makhleb
  1581 | D:2      | Noticed Natasha
  1594 | D:1      | Reached XP level 4. HP: 38/38 MP: 4/4
  1730 | D:2      | Killed Natasha
  1844 | D:2      | Noticed Natasha
  1859 | D:2      | Killed Natasha
  1859 | D:2      | Reached XP level 5. HP: 21/43 MP: 5/7
  2335 | D:2      | Found a faded altar of an unknown god.
  2464 | D:2      | Found a runed door.
  2468 | D:2      | Noticed Crazy Yiuf
  2481 | D:2      | Paralysed by Crazy Yiuf for 3 turns
  2485 | D:2      | Killed Crazy Yiuf
  2707 | D:2      | Noticed Natasha
  2733 | D:2      | Killed Natasha
  2950 | D:3      | Reached XP level 6. HP: 28/50 MP: 9/9
  2956 | D:3      | Reached skill level 5 in Invocations
  2982 | D:3      | HP: 2/50 [orc priest/nerve-wracking pain (10)]
  2985 | D:3      | Reached skill level 8 in Axes
  2989 | D:3      | HP: 1/50 [shadow imp/nerve-wracking pain (3)]
  2990 | D:3      | Killed from afar by a shadow imp

Vault maps used:
D:1:      sevenhm_arrival_forest_fort_large_4, tso_altar
D:2:      minmay_roachtagon, lemuel_round_altar,
          chequers_ecumenical_altar_lobes, minmay_misc_feat_cross,
          uniq_crazy_yiuf_cottage, uniq_natasha, uniq_robin
D:3:      lemuel_doored_altar, eat_drink_and_be_merry_uskayaw,
          nemelex_dance_club_becter

Skill      XL: |  1  2  3  4  5  6 |
---------------+-------------------+-----
Axes           | 5 6 7 8 |  8.0
Invocations    | 3 4 5 |  5.5
Fighting       | |  4.8
Dodging        | |  4.8
Stealth        | |  3.0

Action                   |  1- 3 |  4- 6 || total
-------------------------+-------+-------++-------
Melee: Hand axe          |   107 |   219 ||   326
       Bite              |    11 |    27 ||    38
Invok: Minor Destruction |       |     2 ||     2
 Stab: Sleeping          |     2 |       ||     2
  Eat: Chunk             |     2 |     5 ||     7
Armor: Robe              |    23 |       ||    23
       Ring mail         |       |    65 ||    65
Dodge: Dodged            |    78 |   114 ||   192
